 Dungeon Crawl Stone Soup version 0.30.0-29-ga12c61a403 (webtiles) character file.

Game seed: 9433027939087493705

248 thromnambular the Trooper (level 6, -2/63 HPs)
             Began as an Ogre Hedge Wizard on June 8, 2023.
             Splashed by a jelly's acid (10 damage)
             ... on level 6 of the Dungeon.
             The game lasted 00:13:52 (4001 turns).

thromnambular the Trooper (Ogre Hedge Wizard)       Turns: 4001, Time: 00:13:53

Health: -2/63      AC: -6    Str: 16 (17) XL:     6   Next: 12%
Magic:  11/11      EV:  9    Int: 13 (15) God:
Gold:   181        SH:  0    Dex:  8      Spells: 6/12 levels left

rFire   + . .        j - +1 whip
rCold   . . .        (no shield)
rNeg    . . .        b - +0 robe
rPois   .            c - +1 hat
rElec   .            g - +1 cloak {Will+}
rCorr   .            (gloves unavailable)
SInv    .            (boots unavailable)
Will    +....        (no amulet)
Stlth   +            h - ring of protection from fire
HPRegen 0.30/turn    (no ring)
MPRegen 0.12/turn

%: no passive effects
@: corroded
A: large, unfitting armour, tough skin 1
a: no special abilities


You were on level 6 of the Dungeon.
You visited 1 branch of the dungeon, and saw 6 of its levels.

You collected 181 gold pieces.

Inventory:

Hand Weapons
 j - a +1 whip (weapon)
Armour
 b - a +0 robe (worn)
 c - a +1 hat (worn)
 g - a +1 cloak of willpower (worn)
Jewellery
 h - a ring of protection from fire (left hand)
 i - a ring of willpower
Scrolls
 a - 2 scrolls of teleportation
 f - a scroll of vulnerability {unknown}
 k - a scroll of blinking {unknown}
 m - 2 scrolls of noise
Potions
 d - a potion of magic
 e - 2 potions of curing
 l - a potion of berserk rage {unknown}
 n - a potion of flight {unknown}


   Skills:
 + Level 4.3 Fighting
 * Level 3.9 Maces & Flails
 - Level 2.2 Dodging
 - Level 1.4 Stealth
 - Level 3.6 Spellcasting
 - Level 0.8 Conjurations
 - Level 0.8 Summonings
 - Level 0.8 Translocations


You had 6 spell levels left.
You knew the following spells:

 Your Spells              Type           Power      Damage    Failure   Level
a - Magic Dart            Conj           16%        1d3       16%         1
b - Blink                 Tloc           8%         N/A       22%         2
c - Call Imp              Summ           8%         N/A       22%         2
d - Slow                  Hex            8%         N/A       22%         1

Your spell library contained the following spells:

 Spells                   Type           Power      Damage    Failure   Level
 Sandblast                Erth           4%         2d4       22%         1
 Cigotuvi's Dreadful Rot  Necr/Pois/Air  4%         N/A       32%         2
 Passwall                 Tmut/Erth      1%         N/A       32%         2
 Sublimation of Blood     Necr           2%         N/A       32%         2
 Wereblood                Tmut           2%         N/A       32%         2
 Stone Arrow              Conj/Erth      6%         3d7       47%         3
 Mephitic Cloud           Conj/Pois/Air  3%         N/A       50%         3
 Olgreb's Toxic Radiance  Pois           2%         N/A       91%         4
 Summon Hydra             Summ           2%         N/A       100%        7
 Discord                  Hex            1%         N/A       100%        8
 Ignition                 Fire           1%         3d3       100%        8


Dungeon Overview and Level Annotations

Branches:
Dungeon (7/15)
 Temple: D:4-7

Altars:
Gozag
Ru
Xom
Yredelemnul

Shops:
D:1 :   D:4 *


Innate Abilities, Weirdness & Mutations

You are too large for most types of armour.
You have tough skin. (AC +1)


Message History

You have reached level 6!
You feel stronger.
You start resting.
HP restored.
A jelly comes into view.
You open the door.
There is an open door here.
You open the door.
There is an open door here.
A jelly comes into view.
Found a stone staircase leading down.
The jelly quivers.
You hit the jelly but do no damage.
Your hands burn!
The jelly hits you. The acid corrodes you!
You are splashed with acid!
You hit the jelly but do no damage.
Your hands burn!
The jelly closely misses you.
You barely miss the jelly. You hit the jelly.
Your hands burn!
The jelly is lightly wounded.
The jelly hits you but does no damage.
You hit the jelly but do no damage. The acid corrodes you!
Your hands burn!
The jelly is lightly wounded.
The jelly hits you.
You are splashed with acid!
You hit the jelly.
Your hands burn!
The jelly is heavily wounded.
The jelly hits you. The acid corrodes you!
You are splashed with acid!
* * * LOW HITPOINT WARNING * * *
You hit the jelly but do no damage.
Your hands burn!
* * * LOW HITPOINT WARNING * * *
The jelly is heavily wounded.
The jelly barely misses you.
You hit the jelly.
Your hands burn!
* * * LOW HITPOINT WARNING * * *
The jelly is heavily wounded.
The jelly closely misses you. The jelly barely misses you.
The jelly attacks as you move away! The jelly hits you.
* * * LOW HITPOINT WARNING * * *
The acid corrodes you!
You are splashed with acid!
You die...

# #.# . #. #.# .#
#.##.###. #.>.....
#...... #.##.....
......#.# ..##..J.# #
#.#####@# . #.# ##'##
.### #.# ##...## ...#
### #.###.....##
...###.###.##.......#
≈...#...##.#.........#
≈..........'.........+
≈..##.>.####.........#
...###.## ##..........


You could see a jelly.

Vanquished Creatures
  A scorpion (D:3)
  A hound (D:7)
  Crazy Yiuf (D:2)
  A sleepcap (D:6)
  Ijyb (D:3)
  2 adders
  5 ball pythons
  2 endoplasms (D:1)
  10 giant cockroaches
  4 goblins
  7 hobgoblins
  3 jackals (D:2)
  2 quokkas
  A ball python zombie (D:3)
  7 bats
  A frilled lizard (D:1)
  A giant cockroach zombie (D:3)
  3 kobolds
  A quokka zombie (D:3)
  4 rats
58 creatures vanquished.

Notes
Turn   | Place    | Note
-------+----------+-------------------------------------------
     0 | D:1      | thromnambular the Ogre Hedge Wizard began the quest for the
                  | Orb.
     0 | D:1      | Reached XP level 1. HP: 16/16 MP: 5/5
   104 | D:1      | Reached skill level 1 in Fighting
   218 | D:1      | Reached XP level 2. HP: 20/27 MP: 6/6
   621 | D:1      | Found Kim Zuis's Book Boutique.
   971 | D:1      | Reached skill level 2 in Fighting
   995 | D:1      | Reached skill level 1 in Maces & Flails
   995 | D:1      | Reached XP level 3. HP: 35/35 MP: 8/8
  1161 | D:2      | Learned a level 2 spell: Blink
  1164 | D:2      | Learned a level 2 spell: Call Imp
  1166 | D:2      | Learned a level 1 spell: Slow
  1696 | D:2      | Reached XP level 4. HP: 36/44 MP: 9/9
  1752 | D:2      | Found a runed translucent door.
  1753 | D:2      | Noticed Crazy Yiuf
  1836 | D:2      | Killed Crazy Yiuf
  1837 | D:2      | Reached skill level 3 in Fighting
  1992 | D:3      | Found a shimmering altar of Xom.
  2382 | D:3      | Found a basalt altar of Yredelemnul.
  2481 | D:3      | Found a sacrificial altar of Ru.
  2519 | D:3      | Noticed Ijyb
  2783 | D:3      | Noticed a scorpion
  2821 | D:3      | Killed a scorpion
  2822 | D:3      | Reached XP level 5. HP: 34/54 MP: 10/10
  3251 | D:3      | Killed Ijyb
  3400 | D:4      | Found an opulent altar of Gozag.
  3401 | D:4      | Found Gozag's Platinum Reserve.
  3615 | D:4      | You fall into a shaft and drop 3 floors!
  3653 | D:7      | Noticed a centaur
  3688 | D:7      | Noticed a water moccasin
  3747 | D:7      | Reached skill level 4 in Fighting
  3774 | D:7      | Noticed a wyvern
  3870 | D:6      | Reached XP level 6. HP: 33/63 MP: 11/11
  4001 | D:6      | Splashed by a jelly's acid

Illustrated notes

Levels and vault maps discovered:
D:1:      kennysheep_arrival_forest, layout_loops_ring, serial_shops, shop,
          chequers_jeans, minmay_worlds_worst_comb
D:2:      layout_basic, minmay_misc_feat_chi, uniq_crazy_yiuf_cottage
D:3:      layout_loops_ring, mainiacjoe_overflow_chevrons,
          nicolae_yredelemnul_corpse_copse, mainiacjoe_overflow_cross_hatched,
          uniq_ijyb
D:4:      layout_basic, nzn_wu_jian_contemplation,
          nicolae_gozag_zags_fifth_avenue
D:6:      layout_loops_corners, minmay_door_square, nicolae_lava_and_water,
          reono_crystal_passage
D:7:      layout_basic, nicolae_hepliaklqana_ecumenical_no_more, kennysheep_mini

Skill      XL: |  1  2  3  4  5 |
---------------+----------------+-----
Fighting       | 1 2 3 4 |  4.3
Dodging        | 2 |  2.2
Maces & Flails | 1 3 |  3.9
Stealth        | |  1.4
Spellcasting   | |  3.6
Conjurations   | |  0.8
Summonings     | |  0.8
Translocations | |  0.8

Action                     |  1- 3 |  4- 6 || total
---------------------------+-------+-------++-------
  Melee: Dagger            |    67 |       ||    67
         Club              |    75 |       ||    75
         Whip              |   101 |   181 ||   282
         Punch             |     2 |     2 ||     4
   Cast: Magic Dart        |     4 |     2 ||     6
         Slow              |       |     9 ||     9
         Blink             |       |     4 ||     4
         Call Imp          |       |     4 ||     4
    Use: Scroll            |     1 |     7 ||     8
         Potion            |       |     4 ||     4
   Stab: Sleeping          |     2 |     1 ||     3
 Armour: Robe              |   161 |    56 ||   217
         Skin              |       |    60 ||    60
  Dodge: Dodged            |   155 |    67 ||   222
